 Dungeon Crawl Stone Soup version 0.31-a0-358-gac0dbeb3ab (webtiles) character file.

Game seed: 4754248080832818552

9 HallandMoats the Trooper (level 2, -2/24 HPs)
             Began as a Demonspawn Fighter on July 26, 2023.
             Slain by a goblin
             ... wielding a +0 club
              (4 damage)
             ... on level 1 of the Dungeon.
             The game lasted 00:00:28 (258 turns).

HallandMoats the Trooper (Demonspawn Fighter)        Turns: 258, Time: 00:00:29

Health: -2/24      AC:  6    Str: 16    XL:     2   Next: 6%
Magic:  3/3        EV:  8    Int:  9    God:
Gold:   0          SH:  4    Dex: 12    Spells: 1/1 levels left

rFire   . . .        a - +0 trident
rCold   . . .        c - +0 buckler
rNeg    . . .        b - +0 scale mail
rPois   .            (no helmet)
rElec   .            (no cloak)
rCorr   .            (no gloves)
SInv    .            (no boots)
Will    .....        (no amulet) Stlth
                     (no ring)
HPRegen 0.24/turn    (no ring)
MPRegen 0.08/turn

%: no passive effects
@: no status effects
A: demonic magic 1
a: no special abilities


You were on level 1 of the Dungeon.
You visited 1 branch of the dungeon, and saw 1 of its levels.

Inventory:

Hand Weapons
 a - a +0 trident (weapon)
Armour
 b - a +0 scale mail (worn)
 c - a +0 buckler (worn)
Potions
 d - a potion of might
 e - a potion of curing {unknown}


   Skills:
 + Level 3.3 Fighting
 - Level 1.7 Polearms
 - Level 2.6 Armour
 - Level 2.6 Shields
 + Level 1.5 Invocations


You had one spell level left.
You didn't know any spells.
Your spell library was empty.

Dungeon Overview and Level Annotations

Branches:
Dungeon (1/15)

Altars:


Innate Abilities, Weirdness & Mutations

Spells you cast may paralyse adjacent enemies.


Message History

The goblin is severely wounded.
The goblin closely misses you. The quokka barely misses you.
The goblin hits you with a +0 club.
You closely miss the goblin.
The goblin is severely wounded.
You block the quokka's attack. The goblin hits you with a +0 club.
The quokka closely misses you.
You barely miss the goblin.
The goblin is severely wounded.
The quokka bites you but does no damage.
The goblin hits you but does no damage.
You miss the goblin.
The goblin is severely wounded.
The quokka bites you but does no damage.
The goblin hits you but does no damage. The quokka bites you.
You barely miss the quokka. The goblin hits you but does no damage.
The quokka bites you. You block the goblin's attack.
The quokka closely misses you. The goblin closely misses you.
The quokka closely misses you. The quokka barely misses you.
The goblin hits you with a +0 club. You block the quokka's attack.
You block the goblin's attack. The quokka misses you.
The goblin hits you but does no damage. The quokka bites you.
You block the goblin's attack. The quokka bites you.
The goblin hits you but does no damage.
You block the quokka's attack. x2; The goblin hits you but does no damage.
The quokka bites you but does no damage.
The goblin hits you with a +0 club.
* * * LOW HITPOINT WARNING * * *
The quokka barely misses you. The goblin hits you with a +0 club.
* * * LOW HITPOINT WARNING * * *
The quokka bites you but does no damage.
You block the goblin's attack. The quokka bites you.
* * * LOW HITPOINT WARNING * * *
The goblin hits you but does no damage. The quokka completely misses you.
You block the quokka's attack. You block the goblin's attack.
The quokka bites you but does no damage.
The goblin hits you with a +0 club.
You die...

######.####
#.........#.
#...........
.........##
#..........
#........#
#..gr?...##
#..@.......
#.#.#.##.#. #.#.#
# #.#.#
#####.#.#########
.................
####.#..#########
#.#........) ..
#.#.########


You could see a quokka and a goblin.

Vanquished Creatures
  A dart slug (D:1)
  A bat (D:1)
  2 endoplasms (D:1)
  A hobgoblin (D:1)
  A kobold (D:1)
  A rat (D:1)
7 creatures vanquished.

Notes
Turn   | Place    | Note
-------+----------+-------------------------------------------
     0 | D:1      | HallandMoats the Demonspawn Fighter began the quest for the
                  | Orb.
     0 | D:1      | Reached XP level 1. HP: 18/18 MP: 1/1
   140 | D:1      | Reached skill level 1 in Invocations
   202 | D:1      | Gained mutation: Spells you cast may paralyse adjacent
                  | enemies. [demonic ancestry]
   202 | D:1      | Reached XP level 2. HP: 24/24 MP: 3/3
   258 | D:1      | Slain by a goblin

Illustrated notes

Levels and vault maps discovered:
D:1:      ncdulo_smallfort, layout_loops_ring

Skill      XL: |  1 |
---------------+----+-----
Invocations    | 1 |  1.5
Fighting       | |  3.3
Polearms       | |  1.7
Armour         | |  2.6
Shields        | |  2.6

Action                     || total
---------------------------++-------
  Melee: Trident           ||    26
 Armour: Scale mail        ||    26
  Dodge: Dodged            ||    23
  Block: Buckler           ||    13

Table legend: (Time is in decaauts)
 A = Elapsed time spent in this place.
 B = Non-inter-level travel time spent in this place.
 C = Inter-level travel time spent in this place.
 D = Time resting spent in this place.
 E = Time spent auto-exploring this place.
 F = Levels seen in this place.
 G = Mean time per level.
                   A        B        C        D        E       F      G
               +--------+--------+--------+--------+--------+-----+--------+
         Total |    265 |    265 |      0 |      0 |    177 |   1 |  265.0 |
       Dungeon |    265 |    265 |      0 |      0 |    177 |   1 |  265.0 |
               +--------+--------+--------+--------+--------+-----+--------+

Top non-repeatable levels by time:
     D:1: 265 daAuts
